 Dungeon Crawl Stone Soup version 0.24.0-10-g970556be89 (webtiles) character file.

Game seed: 14589640621496335301, levelgen mode: deterministic

10105 Delamore the Severer (level 11, -3/94 HPs)
             Began as a Hill Orc Fighter on Nov 3, 2019.
             Was an Elder of Beogh.
             Slain by a death yak (10 damage)
             ... on level 9 of the Dungeon.
             The game lasted 00:35:00 (8586 turns).

Delamore the Severer (Hill Orc Fighter)             Turns: 8586, Time: 00:35:01

Health: -3/94      AC: 15    Str: 29    XL:     11   Next: 56%
Magic:  11/11      EV: 12    Int:  8    God:    Beogh [****..]
Gold:   259        SH:  0    Dex: 11    Spells: 10/10 levels left

rFire    . . .     SeeInvis .   a - +5 battleaxe (freeze)
rCold    . . .     Gourm    .   (shield currently unavailable)
rNeg     . . .     Faith    .   h - +2 ring mail {rPois}
rPois    +         Spirit   .   M - +2 hat
rElec    .         Reflect  .   u - +0 cloak
rCorr    .         Harm     .   s - +2 pair of gloves
MR       .....                  (no boots)
Stlth    +.........             I - amulet of regeneration
HPRegen  0.65/turn              m - +4 ring of strength
MPRegen  0.12/turn              x - +3 ring of strength

@: studying Crossbows
A: no striking features
a: Smiting, Recall Orcish Followers, Renounce Religion


You were on level 9 of the Dungeon.
You worshipped Beogh.
Beogh was greatly pleased with you.
You were not hungry.

You visited 2 branches of the dungeon, and saw 10 of its levels.
You also visited: Sewer.

You collected 567 gold pieces.
You spent 308 gold pieces at shops.

Inventory:

Hand Weapons
 a - a +5 battleaxe of freezing (weapon)
 b - a +1 broad axe
Missiles
 D - 8 atropa-tipped darts (quivered)
Armour
 c - a +0 shield
 h - a +2 ring mail of poison resistance (worn)
 i - a +1 hat of intelligence
 s - a +2 pair of gloves (worn)
 u - a +0 cloak (worn)
 M - a +2 hat (worn)
Jewellery
 m - a +4 ring of strength (left hand)
 x - a +3 ring of strength (right hand)
 z - an uncursed amulet of guardian spirit
 A - an uncursed ring of poison resistance
 I - an amulet of regeneration (around neck)
Wands
 q - a wand of random effects (17)
 v - a wand of polymorph (20)
 L - a wand of flame (29)
Scrolls
 j - 4 scrolls of remove curse
 l - a scroll of immolation {unknown}
 n - a scroll of noise {unknown}
 r - 2 scrolls of identify
 y - a scroll of fog
 B - a scroll of magic mapping {unknown}
 F - a scroll of enchant armour
 H - a scroll of blinking
 J - a scroll of amnesia {unknown}
 K - a scroll of random uselessness {unknown}
 O - a scroll of fear {unknown}
Potions
 d - 3 potions of might
 e - 2 potions of degeneration {unknown}
 k - a potion of brilliance
 o - 3 potions of lignification {unknown}
 p - 3 potions of agility
 t - 3 potions of magic {unknown}
 w - 3 potions of curing
 C - a potion of flight {unknown}
 E - a potion of mutation {unknown}
 G - a potion of cancellation {unknown}
Books
 N - a manual of Crossbows
Comestibles
 f - 17 rations
 g - 9 chunks of flesh


   Skills:
 + Level 8.3 Fighting
 + Level 17.3 Axes
 + Level 0.6 Throwing
 + Level 7.2 Armour
 + Level 3.5 Dodging
 - Level 6.1 Shields


You had 10 spell levels left.
You didn't know any spells.
Your spell library was empty.

Dungeon Overview and Level Annotations

Branches:
Dungeon (9/15)             Temple (1/1) D:5            Lair (0/6) D:9
  Sewer (visited)
    Orc: D:9-12

Altars:
Ashenzari
Cheibriados
Dithmenos
Elyvilon
Fedhas
Gozag
Hepliaklqana
Kikubaaqudgha
Makhleb
Nemelex Xobeh
Okawaru
Qazlal
Ru
Sif Muna
Trog
Uskayaw
Vehumet
Wu Jian
Xom
Yredelemnul
Zin
The Shining One

Shops:
D:5 (   D:8 (


Message History

You hit the death yak. You freeze the death yak.
The death yak is lightly wounded.
You hit the death yak but do no damage. The death yak gores you.
Arbeogh gestures at the death yak while chanting.
The death yak resists with almost no effort.
The death yak gores Arbeogh but does no damage.
You hit the death yak but do no damage.
The death yak is lightly wounded.
You hit the death yak. You freeze the death yak. The death yak gores you!
* * * LOW HITPOINT WARNING * * *
Arbeogh shoots a bolt.
The bolt hits the death yak.
You slash the death yak! You freeze the death yak.
The death yak is heavily wounded.
You barely miss the death yak. You slash the death yak!
You freeze the death yak.
The death yak gores Arbeogh!!
Arbeogh dies!
The death yak barely misses you. The death yak gores you!
* * * LOW HITPOINT WARNING * * *
The death yak gores you!
You die...

.#.######.# ##.# #.# ...#
#.# #### #.# .# #.## .#
#..# .### ##.# ####.#.###
# #.# #YY....... ##
####.# #@#......# .##
##.#..# #Y#.)..?.#
..####....######Yh..Y....
..+.........33.)Y†...h...
..####....######.#.......
.## ##.#.# #......>Z. ##
###.# ###....... # #.#
#..#... #.# ...#..


You could see 5 death yaks and a jackal.

Vanquished Creatures
  Harold (D:7)
  A death knight (D:8)
  3 death yaks (D:9)
  A flayed ghost (D:8)
  A wizard (D:8)
  Pikel (D:7)
  Prince Ribbit (D:6)
  2 wraiths (D:8)
  Sigmund (D:6)
  3 hogs (D:9)
  A vampire (D:8)
  A human (D:9)
  A hungry ghost (D:8)
  Menkaure (D:7)
  Edmund (D:6)
  2 water moccasins
  3 sky beasts
  A slave (D:7)
  2 ice beasts
  4 centaurs
  3 bullfrogs
  3 scorpions
  4 killer bees (D:8)
  3 wights (D:7)
  3 howler monkeys
  5 crimson imps
  2 quasits (D:8)
  A bullfrog zombie (D:8)
  An orc priest (D:6)
  2 bullfrog skeletons
  8 hounds
  Crazy Yiuf (D:2)
  Jessica (D:2)
  Natasha (twice) (D:3)
  Terence (D:3)
  An iguana (D:4)
  11 orc wizards
  5 worker ants
  A hound zombie (D:6)
  2 worker ant zombies
  Robin (D:3)
  3 gnolls (D:2)
  19 adders
  A shadow imp (D:7)
  13 oozes
  2 adder skeletons
  5 worms
  20 leopard geckos
  11 orcs
  12 giant cockroaches
  17 goblins
  14 hobgoblins
  6 jackals
  5 quokkas
  11 ball pythons
  6 bats
  11 frilled lizards
  7 kobolds
  A quokka skeleton (D:8)
  13 rats
270 creatures vanquished.

Vanquished Creatures (collateral kills)
  A death yak (D:9)
  Psyche (D:8)
  A hog (D:9)
  A necrophage (D:6)
  A wight (D:7)
  An orc (D:8)
  2 jackals (D:9)
8 creatures vanquished.

Vanquished Creatures (others)
  An orc sorcerer (D:9)
  An orc warrior (D:9)
  2 orc wizards
  An orc priest (D:3)
  7 orcs
  A hobgoblin (D:3)
13 creatures vanquished.

Grand Total: 291 creatures vanquished

Notes
Turn   | Place    | Note
-------+----------+-------------------------------------------
     0 | D:1      | Delamore the Hill Orc Fighter began the quest for the Orb.
     0 | D:1      | Reached XP level 1. HP: 19/19 MP: 1/1
     2 | D:1      | Noticed a draconian
     2 | D:1      | Noticed a halfling
     4 | D:1      | Noticed a naga
     4 | D:1      | Noticed a ghoul
     6 | D:1      | Noticed a vine stalker
     6 | D:1      | Noticed a demonspawn
     8 | D:1      | Noticed an octopode
    10 | D:1      | Noticed a centaur
    10 | D:1      | Noticed a spriggan
    14 | D:1      | Noticed a dwarf
    14 | D:1      | Noticed a minotaur
    16 | D:1      | Noticed a human
    16 | D:1      | Noticed a demigod
    18 | D:1      | Noticed a formicid
    18 | D:1      | Noticed a gargoyle
    20 | D:1      | Noticed a felid
    22 | D:1      | Noticed an ogre
    22 | D:1      | Noticed a troll
    24 | D:1      | Noticed a merfolk
    24 | D:1      | Noticed a tengu
    26 | D:1      | Noticed an elf
    26 | D:1      | Noticed a vampire
   161 | D:1      | Reached XP level 2. HP: 22/27 MP: 2/2
   255 | D:1      | Reached skill level 3 in Axes
   424 | D:1      | You fall into a shaft and drop 1 floor!
   424 | D:2      | Found a hide-covered altar of Uskayaw.
   427 | D:2      | Found a snail-covered altar of Cheibriados.
   443 | D:2      | Found a shimmering altar of Xom.
   466 | D:2      | Reached XP level 3. HP: 33/33 MP: 3/3
   542 | D:2      | Found a shattered altar of Ashenzari.
   583 | D:2      | Noticed Jessica
   584 | D:2      | Killed Jessica
   584 | D:2      | Reached skill level 4 in Axes
   594 | D:2      | Reached XP level 4. HP: 29/40 MP: 4/4
   743 | D:2      | HP: 1/40 [gnoll/+0 spear (8)]
   744 | D:2      | Reached skill level 5 in Axes
  1354 | D:2      | Reached XP level 5. HP: 41/46 MP: 5/5
  1408 | D:2      | Found a runed translucent door.
  1409 | D:2      | Noticed Crazy Yiuf
  1418 | D:2      | Killed Crazy Yiuf
  2023 | D:3      | Noticed Robin
  2035 | D:3      | Noticed Terence
  2085 | D:3      | Killed Terence
  2085 | D:3      | Reached skill level 6 in Axes
  2101 | D:3      | Killed Robin
  2186 | D:3      | Reached XP level 6. HP: 28/52 MP: 6/6
  2324 | D:3      | Became a worshipper of Beogh the Brigand
  2351 | D:3      | Reached skill level 7 in Axes
  2613 | D:3      | Noticed Natasha
  2624 | D:3      | Killed Natasha
  2733 | D:3      | Noticed Natasha
  2742 | D:3      | Killed Natasha
  2889 | D:4      | Reached skill level 8 in Axes
  2916 | D:4      | Reached XP level 7. HP: 50/59 MP: 7/7
  3028 | D:4      | Reached * piety under Beogh
  3028 | D:4      | Reached skill level 9 in Axes
  3137 | D:4      | Found a stormy altar of Qazlal.
  3182 | D:4      | Found a sparkling altar of Nemelex Xobeh.
  3255 | D:5      | Entered Level 5 of the Dungeon
  3607 | D:5      | Found a staircase to the Ecumenical Temple.
  3624 | D:5      | Reached skill level 10 in Axes
  3681 | D:5      | Noticed a moth of wrath
  3684 | D:5      | Found a bloodstained altar of Trog.
  3776 | D:5      | Found a white marble altar of Elyvilon.
  3791 | D:5      | Reached XP level 8. HP: 54/66 MP: 8/8
  3800 | D:5      | Reached skill level 11 in Axes
  4235 | D:5      | Found Deps's Antique Weapon Shop.
  4528 | D:4      | Reached skill level 12 in Axes
  4618 | D:5      | Found a shimmering blue altar of Sif Muna.
  4721 | Temple   | Entered the Ecumenical Temple
  4946 | D:6      | Found a glowing drain.
  4948 | D:6      | Reached ** piety under Beogh
  4973 | D:6      | Noticed Prince Ribbit
  5073 | Sewer    | Entered a sewer
  5259 | Sewer    | Reached skill level 13 in Axes
  5343 | Sewer    | Reached *** piety under Beogh
  5395 | Sewer    | Reached XP level 9. HP: 61/71 MP: 6/9
  5604 | D:6      | Noticed Edmund
  5620 | D:6      | Killed Edmund
  5620 | D:6      | Reached skill level 14 in Axes
  5734 | D:6      | Killed Prince Ribbit
  6004 | D:6      | Noticed Sigmund
  6014 | D:6      | Killed Sigmund
  6144 | D:7      | Reached skill level 15 in Axes
  6166 | D:7      | Noticed Menkaure
  6171 | D:7      | Killed Menkaure
  6460 | D:7      | Found a shattered altar of Ashenzari.
  6480 | D:7      | Noticed Harold
  6503 | D:7      | Killed Harold
  6503 | D:7      | Reached skill level 16 in Axes
  6503 | D:7      | Reached XP level 10. HP: 77/78 MP: 10/10
  6727 | D:7      | Noticed Pikel
  6744 | D:7      | Killed Pikel
  6744 | D:7      | Reached skill level 1 in Dodging
  6823 | D:7      | Reached **** piety under Beogh
  6823 | D:7      | Reached skill level 5 in Armour
  6842 | D:7      | Found an iron altar of Okawaru.
  6916 | D:8      | Reached skill level 5 in Fighting
  6927 | D:8      | Gained Rocco as an ally
  6930 | D:8      | Your ally Rocco died
  6951 | D:8      | Noticed a wizard
  6978 | D:8      | Killed a wizard
  6978 | D:8      | Reached skill level 5 in Shields
  7186 | D:8      | Noticed Psyche
  7202 | D:8      | Killed Psyche
  7372 | D:8      | Found Qeic's Weapon Boutique.
  7375 | D:8      | Bought a +2 battleaxe of freezing for 308 gold pieces
  7533 | D:8      | Found a transporter.
  7534 | D:8      | Found a basalt altar of Yredelemnul.
  7541 | D:8      | Noticed a flayed ghost
  7548 | D:8      | Found an ancient bone altar of Kikubaaqudgha.
  7564 | D:8      | Noticed a death knight
  7567 | D:8      | Found a transporter.
  7714 | D:8      | Killed a flayed ghost
  7714 | D:8      | Reached XP level 11. HP: 92/92 MP: 11/11
  7830 | D:8      | Gained Arbeogh as an ally
  7837 | D:8      | Killed a death knight
  8262 | D:9      | Found an opulent altar of Gozag.
  8263 | D:9      | Found a sacrificial altar of Ru.
  8566 | D:9      | Noticed a death yak
  8567 | D:9      | Noticed a death yak
  8567 | D:9      | Noticed a death yak
  8567 | D:9      | Noticed a death yak
  8567 | D:9      | Noticed a death yak
  8567 | D:9      | Noticed a death yak
  8567 | D:9      | Noticed a death yak
  8568 | D:9      | Found a staircase to the Lair.
  8568 | D:9      | Noticed a death yak
  8574 | D:9      | Killed a death yak
  8574 | D:9      | Reached skill level 17 in Axes
  8574 | D:9      | Noticed a death yak
  8576 | D:9      | Killed a death yak
  8581 | D:9      | Killed a death yak
  8583 | D:9      | Killed a death yak
  8586 | D:9      | Your ally Arbeogh died
  8586 | D:9      | Slain by a death yak

Levels and vault maps discovered:
D:1:      kb_arrival_jail, layout_rooms
D:2:      layout_basic, grunt_temple_overflow_open, kennysheep_pointless_box,
          uniq_crazy_yiuf_cottage, uniq_jessica
D:3:      layout_rooms, first_ration, serial_glass, glass_columns_c,
          glass_columns_a, glass_columns_a, glass_columns_a, glass_columns_a,
          glass_columns_a, uniq_robin, uniq_natasha, uniq_terence
D:4:      layout_rooms, nicolae_qazlal_eye_of_the_storm, kennysheep_mini_moat
D:5:      layout_loops_ring, tgw_trog, led_sif_book, minmay_temple_entry_grid,
          serial_shops, nicolae_shop_crystal, minmay_ruined_shrine
D:6:      layout_loops_ring, cheibrodos_sewer_entry_drain,
          minmay_increasing_density, uniq_edmund, uniq_prince_ribbit1,
          uniq_sigmund
D:7:      layout_basic, kennysheep_okawaru_gauntlet, basic_altar, uniq_menkaure,
          uniq_pikel, uniq_harold
D:8:      cheibrodos_wizards_tower, layout_basic, gammafunk_temple_of_torment,
          serial_shops, nicolae_shop_behind_doors, uniq_psyche
D:9:      layout_loops_corners, minitemple, dpeg_lair_monsters, grunt_livestock
Temple:   chequers_temple_sunken

Skill      XL: |  1  2  3  4  5  6  7  8  9 10 11 |
---------------+----------------------------------+-----
Axes           | 3 4 5 6 8 10 13 16 17 | 17.3
Shields        | 4 6 |  6.1
Armour         | 4 6 7 |  7.2
Fighting       | 4 7 8 |  8.3
Dodging        | 3 |  3.5
Throwing       | |  0.6

Action                   |  1- 3 |  4- 6 |  7- 9 | 10-12 || total
-------------------------+-------+-------+-------+-------++-------
Melee: War axe           |    70 |    74 |       |       ||   144
       Broad axe         |       |   135 |   549 |   168 ||   852
       Battleaxe         |       |       |       |    70 ||    70
Throw: Boomerang         |       |       |     4 |     2 ||     6
       Dart              |       |       |       |     2 ||     2
Invok: Convert to Beogh  |       |     1 |       |       ||     1
  Use: Scroll            |       |     1 |     3 |     7 ||    11
       Potion            |       |       |     3 |       ||     3
 Stab: Distracted        |       |       |     3 |     1 ||     4
       Confused          |       |       |       |     2 ||     2
  Eat: Chunk             |       |     7 |    13 |     6 ||    26
       Ration            |       |       |       |     2 ||     2
Armor: Scale mail        |     8 |       |       |       ||     8
       Ring mail         |    30 |   114 |   246 |   103 ||   493
Dodge: Dodged            |    21 |    77 |   174 |    97 ||   369
Block: Shield            |    48 |   106 |   248 |    90 ||   492
